 Dungeon Crawl Stone Soup version 0.32-a0-422-g28b100f618 (webtiles) character file.

Game seed: 3560163310210819114

1496 croobank the Magician (level 8, 0/63 HPs)
             Began as a Purple Draconian Fire Elementalist on Feb 21, 2024.
             Was a Follower of Ashenzari.
             Slain by an orc warrior
             ... wielding a +0 war axe
              (14 damage)
             ... in a bailey.
             The game lasted 00:29:21 (8632 turns).

croobank the Magician (DrFE)                        Turns: 8632, Time: 00:29:23

Health: 0/63       AC:  7    Str: 11    XL:     8   Next: 51%
Magic:  15/15      EV: 13    Int: 18    God:    Ashenzari [*.....]
Gold:   174        SH:  0    Dex: 11    Spells: 8/17 levels left

rFire   . . .        b - +0 dagger of the Restrained Augur {Melee, Comp} (curse)
rCold   . . .        (no shield)
rNeg    . . .        (body armour unavailable)
rPois   .            (helmet restricted)
rElec   .            (no cloak)
rCorr   .            (no gloves)
SInv    .            r - +0 pair of boots of the Ensconced Pleiades {Fort, Dev} (curse)
Will    +....        (no amulet)
Stlth   ++           (no ring)
HPRegen 0.30/turn    (no ring)
MPRegen 0.14/turn

%: no passive effects
@: about to teleport
A: breathe power, AC +6, unfitting armour, cold-blooded
a: Breathe Dispelling Energy, Renounce Religion, Curse Item, Shatter the Chains


You were in a bailey.
You worshipped Ashenzari.
Ashenzari was aware of your devotion.
You visited 1 branch of the dungeon, and saw 7 of its levels.
You also visited: Bailey.

You collected 333 gold pieces.
You spent 159 gold pieces at shops.

Inventory:

Hand Weapons
 b - the cursed +0 dagger of the Restrained Augur (weapon) {Melee, Comp}
   (You took it off a goblin on level 1 of the Dungeon)

   It has a curse which improves the following skills: Melee Combat: Short
   Blades, Long Blades, Axes, Maces & Flails, Polearms, Staves and Unarmed
   Combat.
   Companions: Summonings and Necromancy.
 j - the +5 mace "Newtbane" {heavy, rF+ MP+9}
   (You found it on level 2 of the Dungeon)

   rF+:       It protects you from fire.
   MP+9:      It affects your magic capacity (+9).
 t - a +0 broad axe
Missiles
 e - 2 throwing nets
 i - 4 javelins (quivered)
Armour
 r - the cursed +0 pair of boots of the Ensconced Pleiades (worn) {Fort, Dev}
   (You bought it in a shop on level 4 of the Dungeon)

   It has a curse which improves the following skills: Fortitude: Shields.
   Devices:   Evocations and Shapeshifting.
Wands
 f - a wand of acid (1)
Scrolls
 g - a scroll of enchant weapon
 p - a scroll of identify
 q - a scroll of brand weapon
Potions
 a - a potion of curing
 c - a potion of brilliance
 d - a potion of magic
 h - a potion of heal wounds
 k - a potion of attraction
 l - 5 potions of enlightenment
 m - a potion of lignification
 n - 3 potions of mutation
 o - a potion of cancellation


   Skills:
 + Level 3.4 Fighting
 + Level 3.1(3.8) Short Blades
 + Level 3.0(3.7) Maces & Flails
 + Level 3.9 Dodging
 + Level 4.1 Stealth
 + Level 5.0 Spellcasting
 * Level 3.8 Conjurations
 * Level 1.7 Hexes
 + Level 4.7 Fire Magic


You had 8 spell levels left.
You knew the following spells:

 Your Spells              Type           Power      Damage    Failure   Level
a - Foxfire               Conj/Fire      76%        2x1d7     2%          1
b - Scorch                Fire           42%        2d6       3%          2
c - Dazzling Flash        Conj/Hex       28%        N/A       13%         3
d - Tukima's Dance        Hex            10%        N/A       21%         3

Your spell library contained the following spells:

 Spells                   Type           Power      Damage    Failure   Level
 Inner Flame              Hex/Fire       16%        N/A       11%         3
 Volatile Blastmotes      Fire/Tloc      26%        2d12      16%         3
 Call Imp                 Summ           8%         N/A       19%         2
 Sublimation of Blood     Necr           4%         N/A       19%         2
 Flame Wave               Conj/Fire      19%        2d7       22%         4
 Iskenderun's Mystic Bla  Conj/Tloc      11%        2d4       52%         4
 Dimensional Bullseye     Hex/Tloc       3%         N/A       67%         4
 Starburst                Conj/Fire      9%         6d5       98%         6
 Summon Hydra             Summ           2%         N/A       100%        7
 Maxwell's Capacitive Co  Air            2%         ∞         100%        8


Dungeon Overview and Level Annotations

Branches:
Dungeon (7/15)             Temple (0/1) D:6          Bailey (1/1)

Altars:
Ashenzari
Qazlal
Zin

Shops:
D:4 ([*=   D:6 (

Annotations:
D:5 exclusion: downstairs


Innate Abilities, Weirdness & Mutations

You can breathe bolts of dispelling energy.
Your rich purple scales are hard. (AC +6)
You cannot fit into any form of body armour.
You are cold-blooded and may be slowed by cold attacks.


Message History

The bolt of acid hits the orc knight.
The acid corrodes the orc knight!
The orc knight is lightly wounded.
Okay, then.
Okay, then.
The orc knight attacks as it pursues you!
The orc knight closely misses you.
You hit the orc knight but do no damage.
Your tail-slap misses the orc knight.
The orc knight is lightly wounded.
The orc knight hits you with a +0 war axe!
You closely miss the orc knight. You tail-slap the orc knight.
The orc knight is lightly wounded.
The orc knight hits you with a +0 war axe.
As you read the scroll of teleportation, it crumbles to dust.
You feel strangely unstable.
You have got your breath back.
The orc knight closely misses you.
The orc knight is no longer covered in acid.
The orc knight hits you with a +0 war axe!
There is an empty arch of ancient stone here.
Your surroundings seem slightly different.
As you read the scroll of teleportation, it crumbles to dust.
You feel strangely unstable.
Your surroundings suddenly seem different.
There is an open door here.
You close the door.
An orc knight comes into view. It is wielding a +0 battleaxe.
An orc warrior comes into view. It is wielding a +0 war axe.
The orc knight shouts!
As you read the scroll of teleportation, it crumbles to dust.
You feel strangely unstable.
The orc knight roars a battlecry!
The orc warrior goes into a battle-frenzy!
You hear a shout!
The orc warrior attacks as it pursues you!
The orc warrior hits you with a +0 war axe!
* * * LOW HITPOINT WARNING * * *
The orc warrior attacks as it pursues you!
The orc warrior hits you with a +0 war axe!
You die...

..'.....# ..'..⌠..#
..'.....# ~.#[....#
~.#''#####
~.#..[...#
~.#......#
######...###########
##.# #
#.ß.ß.ß.+.[@o.#....#
#
#.......#.....'.o..#
#
###############..#'#
.# #


You could see an orc knight and an orc warrior (strong).

Vanquished Creatures
  A wraith (D:6)
  3 orc warriors (Bailey)
  A black bear (D:4)
  3 phantoms
  A bullfrog (D:6)
  A scorpion (D:4)
  A bombardier beetle (D:4)
  2 hounds
  A jelly (D:4)
  An orc priest (D:4)
  An iguana (D:6)
  2 orc wizards
  10 gnolls
  4 adders
  7 dart slugs
  2 ribbon worms (D:5)
  26 orcs
  12 ball pythons
  10 bats
  5 endoplasms
  4 giant cockroaches
  6 goblins
  11 hobgoblins
  6 jackals (D:1)
  18 kobolds
  4 quokkas
  2 frilled lizards (D:3)
  7 rats
152 creatures vanquished.

Vanquished Creatures (others)
  295 foxfires
295 creatures vanquished.

Grand Total: 447 creatures vanquished

Notes
Turn   | Place    | Note
-------+----------+-------------------------------------------
     0 | D:1      | croobank the Draconian Fire Elementalist began the quest
                  | for the Orb.
     0 | D:1      | Reached XP level 1. HP: 14/14 MP: 3/3
   118 | D:1      | Reached XP level 2. HP: 20/20 MP: 0/5
   229 | D:1      | Learned a level 2 spell: Scorch
   303 | D:1      | Found a faded altar of an unknown god.
   306 | D:1      | Prayed at the altar of an unknown god.
   306 | D:1      | Became a worshipper of Ashenzari the Shackled
   406 | D:1      | Reached XP level 3. HP: 26/26 MP: 3/6
  1142 | D:1      | Reached XP level 4. HP: 33/33 MP: 2/7
  1746 | D:2      | Identified the +5 mace "Newtbane" {heavy, rF+ MP+9}
  2835 | D:3      | Reached skill level 1 in Short Blades
  2841 | D:3      | Reached XP level 5. HP: 39/39 MP: 1/9
  2953 | D:3      | Noticed a phantom
  2975 | D:3      | HP: 1/39 [orc/+0 club (1)]
  2983 | D:3      | Killed a phantom
  2984 | D:3      | Reached skill level 1 in Fighting
  2984 | D:3      | Reached skill level 1 in Maces & Flails
  3185 | D:3      | Reached skill level 3 in Spellcasting
  3280 | D:4      | Noticed a black bear
  3410 | D:3      | Reached XP level 6. HP: 47/47 MP: 5/10
  4019 | D:4      | Found Taed's Jewellery Emporium.
  4186 | D:4      | Found Egar's Weapon Shop.
  4320 | D:4      | Noticed an animated plate armour
  4322 | D:4      | Found Wumapy's Armour Emporium.
  4341 | D:4      | Noticed an animated plate armour
  4401 | D:4      | Found Baott's Weapon Boutique.
  4963 | D:4      | Your scales start taking on a rich purple colour.
  4963 | D:4      | Reached skill level 4 in Spellcasting
  4963 | D:4      | Reached XP level 7. HP: 55/55 MP: 7/13
  5099 | D:4      | Found Ydwet's General Store.
  5102 | D:4      | Bought a potion of cancellation for 88 gold pieces
  5102 | D:4      | Bought a scroll of identify for 22 gold pieces
  5451 | D:4      | Bought a +0 pair of boots for 49 gold pieces
  5456 | D:4      | Reached * piety under Ashenzari
  5514 | D:5      | Entered Level 5 of the Dungeon
  5559 | D:5      | Found a stormy altar of Qazlal.
  6601 | D:6      | Noticed a wraith
  6826 | D:6      | Killed a wraith
  6953 | D:6      | Reached XP level 8. HP: 60/63 MP: 5/15
  7040 | D:6      | Identified the +2 robe "Pepnim" {+Blink Fly Str-2 Dex+3}
  7054 | D:6      | Found Zujecisy's Antique Weapon Shoppe.
  7259 | D:6      | Found a staircase to the Ecumenical Temple.
  7325 | D:6      | Found a glowing silver altar of Zin.
  7347 | D:7      | Found a flagged portal.
  7356 | Bailey   | Entered a bailey
  7369 | Bailey   | Learned a level 3 spell: Dazzling Flash
  7948 | Bailey   | Reached skill level 1 in Hexes
  8376 | Bailey   | Reached skill level 5 in Spellcasting
  8557 | Bailey   | Noticed an orc knight
  8566 | Bailey   | Learned a level 3 spell: Tukima's Dance
  8627 | Bailey   | Noticed an orc knight
  8632 | Bailey   | Slain by an orc warrior

Illustrated notes

Levels and vault maps discovered:
D:1:      scummos_arrival_gate, layout_basic,
          hellmonk_ecumenical_altar_inner_sanctum
D:2:      layout_basic, minmay_tiny_reverse_x
D:3:      minmay_evil_eye, layout_basic
D:4:      layout_basic, serial_shops, shop, shop, shop, shop,
          nicolae_shop_mannequins, minmay_misc_feat_columns
D:5:      layout_basic, nicolae_qazlal_scattered_showers, st_stairs_3,
          minmay_misc_feat_iff, dk_noncrumbling_4
D:6:      layout_rooms, zin_scriptorium, temple_statues, serial_glass,
          glass_columns_b, glass_columns_a, item_on_display_a, serial_shops,
          shop
D:7:      layout_cave_pods, amcnicky_altar_gilded, serial_shops,
          kennysheep_little_box, serial_column_ruins, column_ruins_hut,
          column_ruins_hut_ruined, column_ruins_corridor_straight,
          column_ruins_grid_1, column_ruins_grid_4, column_ruins_open_small,
          column_ruins_columns_corner, column_ruins_open_tiny,
          column_ruins_grid_4, enter_bailey_2, minmay_lizard_king
Bailey:   bailey_axe_of_yendor_kennysheep, bailey

Skill      XL: |  1  2  3  4  5  6  7  8 |
---------------+-------------------------+-----
Stealth        | 2 3 4 |  4.1
Dodging        | 2 3 |  3.9
Conjurations   | 2 3 |  3.8
Short Blades   | 1 2 3 |  3.1
Fighting       | 1 2 3 |  3.4
Maces & Flails | 1 2 3 |  3.0
Spellcasting   | 3 4 5 |  5.0
Fire Magic     | 4 |  4.7
Hexes          | 1 |  1.7

Action                     |  1- 3 |  4- 6 |  7- 9 || total
---------------------------+-------+-------+-------++-------
  Melee: Unarmed           |    29 |       |       ||    29
         Tailslap          |    11 |     6 |    16 ||    33
         Dagger            |    23 |    71 |   103 ||   197
  Throw: Javelin           |       |     2 |     3 ||     5
         Throwing net      |       |     2 |       ||     2
   Cast: Foxfire           |    28 |    78 |    64 ||   170
         Scorch            |    12 |    38 |    43 ||    93
         Dazzling Flash    |       |       |     8 ||     8
 Invoke: Curse Item        |       |     1 |     1 ||     2
Ability: Breathe Dispellin |       |       |     5 ||     5
  Evoke: Wand              |       |       |     3 ||     3
    Use: Scroll            |       |     8 |     5 ||    13
         Potion            |       |     4 |     3 ||     7
   Stab: Sleeping          |       |     4 |     1 ||     5
         Invisible         |       |       |     3 ||     3
 Armour: Skin              |    35 |    63 |    69 ||   167
  Dodge: Dodged            |    57 |    76 |    83 ||   216

Table legend: (Time is in decaauts)
 A = Elapsed time spent in this place.
 B = Non-inter-level travel time spent in this place.
 C = Inter-level travel time spent in this place.
 D = Time resting spent in this place.
 E = Time spent auto-exploring this place.
 F = Levels seen in this place.
 G = Mean time per level.
                   A        B        C        D        E       F      G
               +--------+--------+--------+--------+--------+-----+--------+
         Total |   8601 |   8287 |    314 |   2203 |   4661 |   8 | 1075.1 |
       Dungeon |   7334 |   7020 |    314 |   1235 |   4661 |   7 | 1047.7 |
        Bailey |   1267 |   1267 |      0 |    968 |      0 |   1 | 1267.0 |
               +--------+--------+--------+--------+--------+-----+--------+

Top non-repeatable levels by time:
     D:4: 1766 daAuts
     D:1: 1648 daAuts
  Bailey: 1267 daAuts
     D:5: 1190 daAuts
     D:2: 1118 daAuts
     D:3: 982 daAuts
     D:6: 619 daAuts
     D:7: 8 daAuts
